 Dungeon Crawl Stone Soup version 0.23.2-1-ga50397a6bc (webtiles) character file.

Game seed: 3691528022207680672

121 LambAmis the Conjurer (level 4, 0/34 HPs)
             Began as a Draconian Conjurer on May 19, 2019.
             Was an Initiate of the Shining One.
             Succumbed to a worker ant's poison
             ... on level 4 of the Dungeon.
             The game lasted 00:27:30 (3219 turns).

LambAmis the Conjurer (Draconian Conjurer)          Turns: 3219, Time: 00:27:30

Health: 0/34       AC:  6    Str: 11    XL:     4   Next: 76%
Magic:  5/8        EV: 10    Int: 15    God:    the Shining One [......]
Gold:   111        SH:  7    Dex: 12    Spells: 2/8 levels left

rFire    . . .     SeeInvis .   o - +0 long sword
rCold    . . .     Gourm    .   c - +0 shield
rNeg     . . .     Faith    .   (armour unavailable)
rPois    .         Spirit   .   (helmet restricted)
rElec    .         Reflect  .   g - +0 cloak
rCorr    .         Harm     .   (no gloves)
MR       .....                  (no boots)
Stlth    +.........             (no amulet)
HPRegen  0.11/turn              (no ring)
MPRegen  0.11/turn              (no ring)

@: lethally poisoned (0 -> -9), glowing
A: unfitting armour, cold-blooded, AC +5
a: Renounce Religion


You were on level 4 of the Dungeon.
You worshipped the Shining One.
The Shining One was noncommittal.
You were not hungry.

You visited 1 branch of the dungeon, and saw 4 of its levels.

You collected 111 gold pieces.

Inventory:

Hand Weapons
 e - a +0 dagger
 j - a +0 short sword
 o - a +0 long sword (weapon)
 q - a +0 rapier
Missiles
 h - 50 arrows
 i - 63 stones
 m - 23 bolts
 n - a throwing net (quivered)
Armour
 c - a +0 shield (worn)
 d - a +0 leather armour
 g - a +0 cloak (worn)
 r - a +0 robe
 t - a +0 scale mail
Scrolls
 a - 3 scrolls of enchant armour
 k - 3 scrolls of remove curse
 l - a scroll of identify
 p - a scroll of blinking
Comestibles
 b - a ration


   Skills:
 + Level 0.5 Fighting
 + Level 0.2(0.3) Short Blades
 + Level 0.1(0.2) Long Blades
   Level 0.9 Maces & Flails
 + Level 2.6 Dodging
 + Level 2.0 Stealth
 + Level 0.6 Shields
 + Level 2.7 Spellcasting
 + Level 4.9 Conjurations


You had 2 spell levels left.
You knew the following spells:

 Your Spells              Type           Power        Failure   Level  Hunger
a - Magic Dart            Conj           ###.         19%         1    #......
b - Searing Ray           Conj           ###...       26%         2    ##.....
c - Dazzling Spray        Conj/Hex       #.....       82%         3    ###....

Your spell library contained the following spells:

 Spells                   Type           Power        Failure   Level  Hunger
 Iskenderun's Mystic Bla  Conj           ###.....     87%         4    #####..
 Force Lance              Conj/Tloc      #.......     99%         4    #####..
 Fulminant Prism          Conj/Hex       #.........   99%         4    #####..


Dungeon Overview and Level Annotations

Branches:
Dungeon (4/15)
 Temple: D:4-7

Altars:
Xom
The Shining One


Innate Abilities, Weirdness & Mutations

Your plain brown scales are hard. (AC +5)
You cannot fit into any form of body armour.
You are cold-blooded and may be slowed by cold attacks.


Message History

* * * LOW HITPOINT WARNING * * *
You feel sick. The worker ant barely misses you.
The worker ant completely misses you.
As you read the scroll of fear, it crumbles to dust.
You assume a fearsome visage.
The worker ant looks frightened!
* * * LOW HITPOINT WARNING * * *
You feel sick.
As you read the scroll of immolation, it crumbles to dust.
The creatures around you are filled with an inner flame!
* * * LOW HITPOINT WARNING * * *
You feel sick.
* * * LOW HITPOINT WARNING * * *
You feel sick.
* * * LOW HITPOINT WARNING * * *
You feel sick.
* * * LOW HITPOINT WARNING * * *
You feel sick.
* * * LOW HITPOINT WARNING * * *
You feel sick.
You die...

#.....##.##
#. ###.####.#
. #.#
#.##########.
#.#
#.........<..
#.#
############.
#<# #.# #.#
#@# #.# #.#
#.# #.#######
#..a.....
#########


There were no monsters in sight!

Vanquished Creatures
  3 adders (D:2)
  3 dart slugs (D:1)
  A leopard gecko (D:1)
  12 orcs
  11 bats
  3 giant cockroaches
  10 goblins
  8 hobgoblins
  2 jackals (D:1)
  5 kobolds
  A quokka (D:2)
  2 ball pythons (D:3)
  6 frilled lizards
  7 rats
74 creatures vanquished.

Notes
Turn   | Place    | Note
-------+----------+-------------------------------------------
     0 | D:1      | LambAmis the Draconian Conjurer began the quest for the
                  | Orb.
     0 | D:1      | Reached XP level 1. HP: 14/14 MP: 3/3
    85 | D:1      | Reached XP level 2. HP: 7/20 MP: 0/5
   652 | D:1      | Reached XP level 3. HP: 26/26 MP: 3/6
  1550 | D:2      | Reached XP level 4. HP: 33/33 MP: 1/7
  1555 | D:2      | Learned a level 2 spell: Searing Ray
  1642 | D:2      | HP: 1/33 [something/puff of flame (9)]
  1650 | D:2      | HP: 1/33 [something (1)]
  2313 | D:2      | Found a glowing golden altar of the Shining One.
  2313 | D:2      | Found a shimmering altar of Xom.
  2331 | D:2      | Became a worshipper of the Shining One
  2726 | D:3      | Learned a level 3 spell: Dazzling Spray
  3217 | D:4      | HP: 1/34 [poisoned by a worker ant]
  3219 | D:4      | Succumbed to a worker ant's poison

Skill      XL: |  1  2  3  4 |
---------------+-------------+-----
Dodging        | 2 |  2.6
Stealth        | 2 |  2.0
Fighting       | |  0.5
Short Blades   | |  0.2
Long Blades    | |  0.1
Maces & Flails | |  0.9
Shields        | |  0.6
Spellcasting   | |  2.7
Conjurations   | |  4.9

Action                   |  1- 3 |  4- 6 || total
-------------------------+-------+-------++-------
Melee: Club              |    92 |       ||    92
       Unarmed           |     2 |       ||     2
       Tailslap          |    10 |     9 ||    19
       Short sword       |    19 |    55 ||    74
       Long sword        |       |    31 ||    31
 Cast: Magic Dart        |    63 |    39 ||   102
       Searing Ray       |       |     3 ||     3
  Use: Scroll            |     4 |     6 ||    10
  Eat: Chunk             |     2 |     4 ||     6
       Ration            |     1 |       ||     1
Armor: Skin              |    50 |    60 ||   110
Dodge: Dodged            |    78 |    56 ||   134
Block: Shield            |    24 |    42 ||    66
       Rpst.: Long sword |       |     7 ||     7
